 Dungeon Crawl Stone Soup version 0.24.1-14-gf8d2b509d9 (webtiles) character file.

Game seed: 13938611374047269182, levelgen mode: deterministic

285 Curus the Chopper (level 6, 0/51 HPs)
             Began as a Minotaur Abyssal Knight on May 23, 2020.
             Was a Believer of Lugonu.
             Slain by Pikel
             ... wielding a +1 whip of freezing
              (4 damage)
             ... while paralysed by Pikel
             ... on level 4 of the Dungeon.
             The game lasted 00:15:37 (2817 turns).

Curus the Chopper (Minotaur Abyssal Knight)         Turns: 2817, Time: 00:15:38

Health: 0/51       AC:  6    Str: 16    XL:     6   Next: 7%
Magic:  17/17      EV:  2    Int:  9    God:    Lugonu [**....]
Gold:   185        SH:  0    Dex: 12    Spells: 5/5 levels left

rFire    . . .     SeeInvis .   i - +1 morningstar (drain)
rCold    . . .     Gourm    .   (no shield)
rNeg     . . .     Faith    .   d - +0 leather armour (curse)
rPois    .         Spirit   .   (helmet restricted)
rElec    .         Reflect  .   f - +2 cloak
rCorr    .         Harm     .   (no gloves)
MR       .....                  (no boots)
Stlth    +.........             (no amulet)
HPRegen  0.17/turn              g - ring of magical power
MPRegen  0.15/turn              (no ring)

@: paralysed
A: retaliatory headbutt, horns 2
a: Depart the Abyss, Bend Space, Renounce Religion


You were on level 4 of the Dungeon.
You worshipped Lugonu.
Lugonu was pleased with you.
You were not hungry.

You visited 1 branch of the dungeon, and saw 4 of its levels.
You visited the Abyss 1 time.

You collected 185 gold pieces.

Inventory:

Hand Weapons
 a - a +3 hand axe
 i - a +1 morningstar of draining (weapon)
Armour
 b - a +0 leather armour
 d - a cursed +0 leather armour (worn)
 f - a +2 cloak (worn)
 j - a cursed +0 chain mail
Jewellery
 g - a ring of magical power (left hand)
Scrolls
 h - a scroll of teleportation
 k - 3 scrolls of identify
Potions
 e - 5 potions of curing
Comestibles
 c - 6 rations
 l - 2 chunks of flesh


   Skills:
 - Level 3.6 Fighting
 - Level 5.7 Axes
 + Level 0.1(3.4) Maces & Flails
 - Level 2.4 Armour
 - Level 1.1 Dodging
 + Level 4.6 Invocations


You had 5 spell levels left.
You didn't know any spells.
Your spell library contained the following spells:

 Spells                   Type           Power        Failure   Level  Hunger
 Corona                   Hex            #......      43%         1    ##.....
 Ensorcelled Hibernation  Hex/Ice        #.....       58%         2    ###....
 Confuse                  Hex            #.......     82%         3    ####...
 Dazzling Spray           Conj/Hex       #.....       82%         3    ####...
 Tukima's Dance           Hex            #.......     82%         3    ####...


Dungeon Overview and Level Annotations

Branches:
Dungeon (4/15)
 Temple: D:4-7

Altars:
Okawaru
Qazlal
Uskayaw
Yredelemnul

Annotations:
D:4 Pikel


Innate Abilities, Weirdness & Mutations

You reflexively headbutt those who attack you in melee.
You have a pair of horns on your head.


Message History

Pikel is heavily wounded.
Pikel barely misses you.
A jackal comes into view.
Pikel zaps a wand.
You suddenly lose the ability to move!
The jackal barely misses you.
Pikel hits you with a +1 whip of freezing.
* * * LOW HITPOINT WARNING * * *
Pikel freezes you.
* * * LOW HITPOINT WARNING * * *
The jackal bites you.
* * * LOW HITPOINT WARNING * * *
Pikel hits you with a +1 whip of freezing.
* * * LOW HITPOINT WARNING * * *
Pikel freezes you.
* * * LOW HITPOINT WARNING * * *
The jackal bites you.
* * * LOW HITPOINT WARNING * * *
Pikel waves his whip at you.
Pikel hits you with a +1 whip of freezing.
You die...

#.. #.# #.# #.# ... #h#
#h# #h# #@# #...#
#K#####...##
#####p#........#
#pp.pp#........#
#.#####........### ##
####.# #...........
p..#...p####.......#.##.#
..pp..)............<....#
...............[...##.###


You could see Pikel, 3 slaves and 3 jackals.

Vanquished Creatures
  A slave (D:4)
  An ogre (D:2)
  An orc wizard (D:3)
  Crazy Yiuf (D:3)
  4 gnolls (D:2)
  2 adders
  A dart slug (D:2)
  7 worms
  4 orcs (D:3)
  2 bats
  6 giant cockroaches
  9 goblins
  2 hobgoblins
  9 jackals
  3 quokkas
  2 frilled lizards
  9 kobolds
  6 rats
70 creatures vanquished.

Notes
Turn   | Place    | Note
-------+----------+-------------------------------------------
     0 | Abyss:1  | Curus the Minotaur Abyssal Knight began the quest for the
                  | Orb.
     0 | Abyss:1  | Reached XP level 1. HP: 19/19 MP: 1/1
    46 | Abyss:1  | Noticed a starcursed mass
    60 | Abyss:1  | Noticed a large abomination
   135 | D:1      | Escaped the Abyss
   390 | D:1      | Reached * piety under Lugonu
   406 | D:1      | Reached XP level 2. HP: 25/26 MP: 2/2
   459 | D:1      | Reached skill level 3 in Axes
  1042 | D:2      | Noticed an ogre
  1050 | D:2      | Killed an ogre
  1050 | D:2      | Reached skill level 4 in Axes
  1050 | D:2      | Reached XP level 3. HP: 31/31 MP: 2/4
  1050 | D:2      | Reached XP level 4. HP: 39/39 MP: 2/5
  1084 | D:2      | Found a hide-covered altar of Uskayaw.
  1120 | D:2      | Found a basalt altar of Yredelemnul.
  1120 | D:2      | Found an iron altar of Okawaru.
  1121 | D:2      | Found a stormy altar of Qazlal.
  1134 | D:2      | Reached XP level 5. HP: 24/45 MP: 6/6
  1442 | D:2      | Reached skill level 5 in Axes
  1796 | D:3      | Reached ** piety under Lugonu
  2355 | D:3      | Found a runed translucent door.
  2356 | D:3      | Noticed Crazy Yiuf
  2721 | D:3      | Killed Crazy Yiuf
  2721 | D:3      | Reached XP level 6. HP: 41/51 MP: 8/8
  2787 | D:4      | Noticed a slave
  2787 | D:4      | Noticed a slave
  2787 | D:4      | Noticed a slave
  2788 | D:4      | Noticed Pikel
  2789 | D:4      | Noticed a slave
  2809 | D:4      | Killed a slave
  2814 | D:4      | Paralysed by Pikel for 6 turns
  2817 | D:4      | Slain by Pikel

Levels and vault maps discovered:
D:1:      sevenhm_arrival_forest_fort_small_4, layout_basic
D:2:      layout_loops_ring, gammafunk_temple_overflow_forgotten,
          lemuel_doored_altar
D:3:      layout_loops_ring, uniq_crazy_yiuf_cottage
D:4:      layout_basic, kennysheep_little_box, minitemple, uniq_pikel

Skill      XL: |  1  2  3  4  5 |
---------------+----------------+-----
Invocations    | 2 3 4 |  4.6
Axes           | 4 5 |  5.7
Fighting       | |  3.6
Maces & Flails | |  0.1
Armour         | |  2.4
Dodging        | |  1.1

Action                   |  1- 3 |  4- 6 || total
-------------------------+-------+-------++-------
Melee: Hand axe          |    60 |    83 ||   143
       Headbutt          |     3 |    28 ||    31
       Morningstar       |       |    34 ||    34
Invok: Depart the Abyss  |     1 |       ||     1
  Use: Potion            |     4 |     2 ||     6
       Scroll            |     4 |     2 ||     6
 Stab: Distracted        |       |     1 ||     1
  Eat: Chunk             |       |     6 ||     6
Armor: Leather armour    |    13 |    27 ||    40
Dodge: Dodged            |    31 |    50 ||    81
